 Dungeon Crawl Stone Soup version 0.22-a0-456-g11ed031 (webtiles) character file.

15388 galech the Basher (level 12, -6/75 HPs)
             Began as a Gargoyle Fighter on June 6, 2018.
             Was a High Priest of Okawaru.
             Mangled by soark's ghost (12 damage)
             ... on level 2 of the Orcish Mines.
             The game lasted 00:22:23 (12856 turns).

galech the Basher (Gargoyle Fighter)               Turns: 12856, Time: 00:22:23

Health: -6/75      AC: 36    Str: 19    XL:     12   Next: 26%
Magic:  12/12      EV:  7    Int: 11    God:    Okawaru [*****.]
Gold:   678        SH: 18    Dex: 16    Spells: 11/11 levels left

rFire    + . .     SeeInvis .   n - +3 flail (protect)
rCold    . . .     Gourm    .   x - +0 large shield
rNeg     + . .     Faith    .   W - +2 chain mail {MR+}
rPois    ∞         Spirit   .   s - +0 helmet
rElec    +         Reflect  .   y - +0 cloak
rCorr    .         Harm     .   P - +0 pair of gloves
MR       +....                  A - +2 pair of boots
Stlth    ..........             (no amulet)
HPRegen  0.22/turn              K - +3 ring of dexterity
MPRegen  0.13/turn              F - ring of protection from fire

@: protection aura
A: negative energy resistance 1, electricity resistance, unbreathing,
petrification resistance, rot immunity, AC +8
a: Heroism, Finesse, Renounce Religion


You were on level 2 of the Orcish Mines.
You worshipped Okawaru.
Okawaru was extremely pleased with you.
You were hungry.

You visited 3 branches of the dungeon, and saw 14 of its levels.

You collected 924 gold pieces.
You spent 246 gold pieces at shops.

Inventory:

Hand Weapons
 n - a +3 flail of protection (weapon)
 t - a +1 mace of venom
 G - a +4 dire flail of holy wrath
 V - a +2 eveningstar of holy wrath
Armour
 o - a +2 scale mail of fire resistance
 s - a +0 helmet (worn)
 x - a +0 large shield (worn)
 y - a +0 cloak (worn)
 A - a +2 pair of boots (worn)
 P - a +0 pair of gloves (worn)
 W - a +2 chain mail of magic resistance (worn)
Jewellery
 F - a ring of protection from fire (right hand)
 K - a +3 ring of dexterity (left hand)
Wands
 g - a wand of flame (77)
 q - a wand of random effects (75)
 v - a wand of paralysis (30)
 D - a wand of digging (13)
 E - a wand of disintegration (11)
 L - a wand of polymorph (11)
 S - a wand of iceblast (24)
Scrolls
 e - 2 scrolls of amnesia
 h - a scroll of fog
 k - 6 scrolls of blinking
 m - 4 scrolls of remove curse
 p - 3 scrolls of teleportation
 r - 5 scrolls of enchant armour
 B - a scroll of brand weapon
 I - a scroll of fear
 N - a scroll of enchant weapon
 Q - a scroll of vulnerability {unknown}
 U - a scroll of random uselessness {unknown}
Potions
 a - 3 potions of heal wounds {unknown}
 b - a potion of mutation {unknown}
 d - 6 potions of might
 i - 3 potions of flight {unknown}
 j - 2 potions of degeneration {unknown}
 l - a potion of brilliance {unknown}
 u - a potion of agility {unknown}
 w - 3 potions of curing {unknown}
 z - a potion of invisibility {unknown}
 C - a potion of magic {unknown}
 H - a potion of ambrosia {unknown}
 R - a potion of lignification {unknown}
Comestibles
 f - 18 rations


   Skills:
 + Level 8.8 Fighting
 + Level 12.1 Maces & Flails
 + Level 7.8 Armour
 + Level 4.9 Dodging
 + Level 1.7 Stealth
 + Level 11.4 Shields
 + Level 0.7 Invocations


You had 11 spell levels left.
You didn't know any spells.
Your spell library contained the following spells:

 Spells                   Type           Power        Failure   Level  Hunger
 Magic Dart               Conj           #...         100%        1    ##.....
 Conjure Flame            Conj/Fire      #.......     100%        3    ####...
 Slow                     Hex            #.......     100%        2    ###....
 Mephitic Cloud           Conj/Pois/Air  #.......     100%        3    ####...
 Blink                    Tloc           N/A          100%        2    ###....
 Call Imp                 Summ           #.......     100%        2    ###....


Dungeon Overview and Level Annotations

Branches:
Dungeon (11/15)            Temple (1/1) D:5            Lair (0/6) D:9
    Orc (2/2) D:11            Elf (0/3) Orc:2

Altars:
Ashenzari
Cheibriados
Dithmenos
Elyvilon
Fedhas
Gozag
Hepliaklqana
Kikubaaqudgha
Makhleb
Nemelex Xobeh
Okawaru
Qazlal
Ru
Sif Muna
Trog
Uskayaw
Vehumet
Wu Jian
Xom
Yredelemnul
Zin
The Shining One

Shops:
D:7 *   D:8 ?

Annotations:
Orc:2 soark's ghost, adept GnWn


Innate Abilities, Weirdness & Mutations

You are resistant to torment.
Your stone body is resilient. (AC +8)
You are immune to poison.
You resist negative energy. (rN+)
You are resistant to electric shocks. (rElec)
You can survive without breathing.
You are immune to petrification.
You are immune to rotting.


Message History

You hit soark's ghost but do no damage.
Soark's ghost is heavily damaged.
Soark's ghost hits you but does no damage.
You miss soark's ghost.
Soark's ghost is heavily damaged.
You block soark's ghost's attack.
You miss soark's ghost.
Soark's ghost is moderately damaged.
You completely miss soark's ghost.
Soark's ghost is moderately damaged.
Soark's ghost hits you!
* * * LOW HITPOINT WARNING * * *
You hit soark's ghost.
Soark's ghost is heavily damaged.
Soark's ghost hits you!
* * * LOW HITPOINT WARNING * * *
You hit soark's ghost but do no damage.
Soark's ghost is heavily damaged.
Soark's ghost hits you!
You die...

##*##.........##.#
*≈≈≈≈,,,
#....).....#**#
*≈≈≈≈,,≈ #.........##
*≈≈≈,,,≈ #####.....###
**≈,,,,≈
**.##........## *≈,,8,,
*.............# *≈,,,,,
*##.........###*#
*≈*+*+*
***.............#.#
***,,,,
**,#....####...<@W#**
**,,,,, *,,....#*
##.......#** *≈,8,,,
,<,,...,****###.......#
*≈,*,,,
**,,,,,,,,**,,......###
*≈≈*_,,
*,*,,,,,,,,*,.....###
**≈***8
*****,,,,,,,......#
**≈≈,, **,,,,,..<.#..#
**≈≈≈ ***,,,.....####
**** *,,,,,,,,***


You could see soark's ghost.

Vanquished Creatures
  An orc warlord (Orc:1)
  4 two-headed ogres
  Urug (D:11)
  An unseen horror (D:11)
  Pikel (D:8)
  A manticore (D:8)
  Maurice (D:8)
  A gargoyle (D:11)
  A komodo dragon (D:11)
  3 trolls
  Prince Ribbit (D:8)
  A hippogriff (D:10)
  A human (D:7)
  8 yaks
  4 hogs (D:7)
  4 wargs
  Edmund (D:6)
  3 hungry ghosts
  2 hell hounds (D:9)
  A water moccasin (D:8)
  A black bear (D:10)
  2 slaves (D:8)
  7 orc warriors (Orc:1)
  2 phantoms
  An eye of draining (D:6)
  7 ogres
  2 necrophages (D:7)
  A centaur (D:8)
  A big kobold (D:9)
  A crocodile (D:10)
  Blork the orc (D:5)
  4 bullfrogs
  A gnoll sergeant (D:7)
  3 scorpions
  A wyvern skeleton (D:10)
  12 killer bees
  2 electric eels (D:3)
  5 crimson imps
  2 bullfrog zombies
  A jelly (D:10)
  5 orc priests
  A gnoll shaman (D:4)
  3 hounds
  Crazy Yiuf (D:2)
  Jessica (D:2)
  Terence (D:2)
  4 iguanas
  11 orc wizards
  9 worker ants
  A hound skeleton (D:11)
  Robin (D:4)
  3 howler monkey skeletons
  7 adders
  13 gnolls
  A shadow imp (D:11)
  4 oozes
  4 adder skeletons
  2 worms (D:3)
  A dart slug (D:1)
  5 leopard geckos
  56 orcs
  4 giant cockroaches
  15 goblins
  8 hobgoblins
  18 jackals
  5 quokkas
  A ball python (D:3)
  3 bats
  6 frilled lizards
  A giant cockroach zombie (D:6)
  9 kobolds
  A quokka skeleton (D:4)
  7 rats
310 creatures vanquished.

Notes
Turn   | Place    | Note
-------+----------+-------------------------------------------
     0 | D:1      | galech the Gargoyle Fighter began the quest for the Orb.
     0 | D:1      | Reached XP level 1. HP: 14/14 MP: 1/1
    50 | D:1      | Reached XP level 2. HP: 16/19 MP: 2/2
   278 | D:1      | Reached XP level 3. HP: 17/24 MP: 3/3
   963 | D:2      | Found a sparkling altar of Nemelex Xobeh.
   972 | D:2      | Noticed Terence
   986 | D:2      | Killed Terence
   986 | D:2      | Reached XP level 4. HP: 6/29 MP: 4/4
  1346 | D:2      | Found a runed door.
  1593 | D:2      | Found a basalt altar of Yredelemnul.
  1593 | D:2      | Noticed Jessica
  1598 | D:2      | Killed Jessica
  1598 | D:2      | Reached skill level 3 in Maces & Flails
  2194 | D:3      | Reached XP level 5. HP: 31/33 MP: 5/5
  2233 | D:3      | Found a basalt altar of Yredelemnul.
  2549 | D:3      | Found a transporter.
  2554 | D:3      | Found a faded altar of an unknown god.
  2594 | D:3      | Found a transporter.
  2727 | D:3      | Found a white marble altar of Elyvilon.
  2856 | D:4      | Reached skill level 1 in Dodging
  3032 | D:4      | Reached XP level 6. HP: 39/39 MP: 6/6
  3137 | D:4      | Noticed a phantom
  3325 | D:4      | Killed a phantom
  3402 | D:4      | Reached skill level 4 in Maces & Flails
  3452 | D:4      | Reached XP level 7. HP: 32/44 MP: 7/7
  3473 | D:4      | Reached skill level 5 in Shields
  3683 | D:4      | Noticed Robin
  3710 | D:4      | Killed Robin
  3943 | D:4      | Found a shimmering altar of Xom.
  4069 | D:4      | Reached skill level 5 in Fighting
  4152 | D:2      | Noticed Crazy Yiuf
  4158 | D:2      | Killed Crazy Yiuf
  4158 | D:2      | Reached skill level 5 in Maces & Flails
  4544 | D:5      | Entered Level 5 of the Dungeon
  4733 | D:5      | Reached XP level 8. HP: 44/49 MP: 8/8
  4903 | D:5      | Found a staircase to the Ecumenical Temple.
  4991 | D:5      | Noticed Blork the orc
  5006 | D:5      | Killed Blork the orc
  5043 | Temple   | Entered the Ecumenical Temple
  5418 | D:5      | Reached skill level 6 in Maces & Flails
  5797 | D:6      | Noticed Edmund
  5810 | D:6      | Killed Edmund
  5810 | D:6      | Reached skill level 1 in Stealth
  5817 | D:6      | Found a transporter.
  5818 | D:6      | Found a transporter.
  5841 | D:6      | Reached skill level 7 in Maces & Flails
  5848 | D:6      | Found a hide-covered altar of Uskayaw.
  5992 | D:6      | Reached skill level 5 in Armour
  6213 | D:6      | Reached XP level 9. HP: 51/55 MP: 9/9
  6501 | D:7      | Reached skill level 8 in Maces & Flails
  6869 | D:7      | Found Tubbiacuem's General Store.
  6875 | D:7      | Bought a scroll of blinking for 97 gold pieces
  6875 | D:7      | Bought a scroll of identify for 26 gold pieces
  6875 | D:7      | Bought a scroll of enchant armour for 97 gold pieces
  6875 | D:7      | Bought a scroll of identify for 26 gold pieces
  7085 | D:7      | Reached skill level 9 in Maces & Flails
  7196 | D:8      | Found Jinwyuckoi's Magic Scroll Emporium.
  7232 | D:8      | Noticed a two-headed ogre
  7248 | D:8      | Killed a two-headed ogre
  7248 | D:8      | Reached XP level 10. HP: 34/63 MP: 10/10
  7464 | D:8      | Found an iron altar of Okawaru.
  7486 | D:8      | Became a worshipper of Warmaster Okawaru
  7509 | D:8      | Noticed Pikel
  7528 | D:8      | Killed Pikel
  7528 | D:8      | Reached skill level 10 in Maces & Flails
  7556 | D:8      | Noticed Maurice
  7613 | D:8      | Killed Maurice
  7613 | D:8      | Reached * piety under Okawaru
  7655 | D:8      | Noticed Prince Ribbit
  7671 | D:8      | Killed Prince Ribbit
  7766 | D:8      | Noticed a manticore
  7795 | D:8      | Killed a manticore
  8006 | D:8      | Found a white marble altar of Elyvilon.
  8326 | D:9      | Found a staircase to the Lair.
  8440 | D:9      | Noticed a two-headed ogre
  8453 | D:9      | Killed a two-headed ogre
  8453 | D:9      | Reached ** piety under Okawaru
  8526 | D:9      | Reached XP level 11. HP: 67/68 MP: 11/11
  8621 | D:9      | Found a glowing silver altar of Zin.
  8696 | D:9      | Reached skill level 11 in Maces & Flails
  8928 | D:9      | Found a radiant altar of Vehumet.
  9297 | D:10     | Entered Level 10 of the Dungeon
 10068 | D:10     | Reached *** piety under Okawaru
 10138 | D:11     | Noticed a two-headed ogre
 10150 | D:11     | Killed a two-headed ogre
 10150 | D:11     | Reached skill level 10 in Shields
 10233 | D:11     | Found a staircase to the Orcish Mines.
 10251 | D:11     | Reached **** piety under Okawaru
 10391 | D:11     | Noticed a two-headed ogre
 10437 | D:11     | Killed an unseen horror
 10455 | D:11     | Killed a two-headed ogre
 10455 | D:11     | Reached ***** piety under Okawaru
 10526 | D:11     | Noticed Urug
 10573 | D:11     | Killed Urug
 11255 | Orc:1    | Entered Level 1 of the Orcish Mines
 11395 | D:11     | Reached XP level 12. HP: 64/75 MP: 12/12
 11820 | Orc:2    | Entered Level 2 of the Orcish Mines
 11851 | Orc:2    | Received a gift from Okawaru
 11851 | Orc:2    | Reached skill level 12 in Maces & Flails
 11868 | Orc:2    | Noticed an orc warlord
 12506 | Orc:1    | Killed an orc warlord
 12553 | Orc:2    | Noticed soark's ghost (adept GnWn)
 12856 | Orc:2    | Mangled by soark's ghost

Vault maps used:
D:1:      lightli_arrival_noodles, nrook_uturn
D:2:      lemuel_doored_altar, serial_corexii_hall, corexii_hall_statues_x,
          corexii_hall_statues_i, corexii_hall_statues_i,
          corexii_hall_statues_i, first_ration, yredelemnul_altar_generic,
          uniq_jessica, uniq_crazy_yiuf_cottage, uniq_terence
D:3:      gammafunk_steamed_eel, kennysheep_ying_yang,
          chequers_ecumenical_altar_twisty
D:4:      led_xom_imps, minmay_liquid_box, minivault_5, uniq_robin
D:5:      temple_statues, uniq_blork_the_orc
D:6:      gammafunk_temple_overflow_arena, st_stairs_6, uniq_edmund
D:7:      serial_shops, shop_fountains, grunt_livestock, minmay_misc_feat_chi
D:8:      okawaru_trees_1, serial_shops, nicolae_shop_statue_plus, basic_altar,
          kennysheep_generic_room_3, uniq_prince_ribbit1, uniq_maurice,
          uniq_pikel
D:9:      minmay_lair_entry_lava, basic_altar, vehumet_altar_wand_db
D:11:     orc_0_dummy, uniq_urug
Temple:   regret_index_temple_sphere_string
Orc:2:    kennysheep_orc_mage_school, lab_entry_generic, uniq_josephine

Skill      XL: |  1  2  3  4  5  6  7  8  9 10 11 12 |
---------------+-------------------------------------+-----
Shields        | 4 5 6 7 9 10 11 | 11.4
Fighting       | 4 5 6 7 8 |  8.8
Maces & Flails | 3 4 5 7 9 10 11 12 | 12.1
Armour         | 4 5 6 7 |  7.8
Dodging        | 1 2 3 4 |  4.9
Stealth        | 1 |  1.7
Invocations    | |  0.7

Action                   |  1- 3 |  4- 6 |  7- 9 | 10-12 || total
-------------------------+-------+-------+-------+-------++-------
Melee: Flail             |   111 |   203 |   522 |   931 ||  1767
       Mace              |       |    46 |       |       ||    46
Invok: Heroism           |       |       |       |     5 ||     5
       Finesse           |       |       |       |     2 ||     2
  Use: Scroll            |       |       |     5 |     9 ||    14
  Eat: Chunk             |       |     8 |    15 |    21 ||    44
       Ration            |       |       |       |     1 ||     1
Armor: Scale mail        |    84 |   139 |   263 |   338 ||   824
       Chain mail        |       |       |       |   117 ||   117
Dodge: Dodged            |    25 |    82 |   149 |   234 ||   490
Block: Shield            |    62 |   146 |   250 |    86 ||   544
       Large shield      |       |       |       |   760 ||   760

Table legend:
 A = Spawn XP
 B = Non-spawn XP
 C = Spawn XP percentage of total XP
 D = Spawn monster count
 E = Non-spawn monster count
 F = Spawn count percentage of total count
 G = Total turns spent on level
                    A         B        C        D         E        F      G
               +---------+---------+-------+---------+---------+-------+---------
         Total |       0 |   21983 |   0.0 |       0 |     308 |   0.0 | 12856
               +---------+---------+-------+---------+---------+-------+---------
           D:1 |       0 |      54 |   0.0 |       0 |      25 |   0.0 |   872
           D:2 |       0 |     142 |   0.0 |       0 |      16 |   0.0 |  1409
           D:3 |       0 |     168 |   0.0 |       0 |      19 |   0.0 |  1142
           D:4 |       0 |     673 |   0.0 |       0 |      49 |   0.0 |  1121
           D:5 |       0 |     417 |   0.0 |       0 |      15 |   0.0 |   883
           D:6 |       0 |    1281 |   0.0 |       0 |      36 |   0.0 |   862
           D:7 |       0 |    1813 |   0.0 |       0 |      27 |   0.0 |   872
           D:8 |       0 |    3338 |   0.0 |       0 |      23 |   0.0 |   955
           D:9 |       0 |    2236 |   0.0 |       0 |      18 |   0.0 |   991
          D:10 |       0 |    2206 |   0.0 |       0 |      17 |   0.0 |   791
          D:11 |       0 |    5240 |   0.0 |       0 |      27 |   0.0 |  1306
         Orc:1 |       0 |    4037 |   0.0 |       0 |      33 |   0.0 |  1261
         Orc:2 |       0 |     378 |   0.0 |       0 |       3 |   0.0 |   201
               +---------+---------+-------+---------+---------+-------+---------
